 Dungeon Crawl Stone Soup version 0.23-a0-619-g281719c (console) character file.

337 Duffy the Chopper (level 6, -1/47 HPs)
             Began as a Demonspawn Fighter on Dec 22, 2018.
             Was an Initiate of Cheibriados.
             Slain by an orc
             ... wielding a +0 trident of venom
              (4 damage)
             ... on level 6 of the Dungeon.
             The game lasted 00:01:38 (2266 turns).

Duffy the Chopper (Demonspawn Fighter)              Turns: 2266, Time: 00:01:39

Health: -1/47      AC:  7    Str: 18    XL:     6   Next: 28%
Magic:  6/6        EV:  7    Int: 12    God:    Cheibriados [......]
Gold:   68         SH: 12    Dex: 13    Spells: 5/5 levels left

rFire    . . .     SeeInvis .   a - +0 war axe
rCold    + . .     Gourm    .   c - +0 shield
rNeg     . . .     Faith    .   q - +0 ring mail {rC+}
rPois    .         Spirit   .   (no helmet)
rElec    .         Reflect  .   m - +1 cloak
rCorr    .         Harm     .   (no gloves)
MR       .....                  (no boots)
Stlth    ++........             (no amulet)
HPRegen  0.15/turn              (no ring)
MPRegen  0.10/turn              (no ring)

@: drained, very slow
A: talons 1, large bone plates 1, demonic guardian 1, nightstalker 1
a: Bend Time, Renounce Religion


You were on level 6 of the Dungeon.
You worshipped Cheibriados.
Cheibriados was noncommittal.
You were hungry.

You visited 2 branches of the dungeon, and saw 7 of its levels.

You collected 68 gold pieces.

Inventory:

Hand Weapons
 a - a +0 war axe (weapon)
Armour
 b - a +0 scale mail
 c - a +0 shield (worn)
 m - a +1 cloak (worn)
 q - a +0 ring mail of cold resistance (worn)
Wands
 n - a wand of paralysis (8)
Scrolls
 e - a scroll of enchant armour {unknown}
 h - 2 scrolls of identify {unknown}
 k - a scroll of remove curse {unknown}
 p - 2 scrolls of enchant weapon {unknown}
Potions
 d - a potion of might
 g - 3 potions of curing {unknown}
 i - a potion of ambrosia {unknown}
 j - a potion of brilliance {unknown}
 l - a potion of resistance {unknown}
 o - a potion of heal wounds {unknown}
Comestibles
 f - a ration


   Skills:
 - Level 3.0(2.8) Fighting
 + Level 6.1(6.0) Axes
 - Level 2.6(2.5) Armour
 - Level 2.6(2.5) Shields


You had 5 spell levels left.
You didn't know any spells.
Your spell library contained the following spells:

 Spells                   Type           Power        Failure   Level  Hunger
 Magic Dart               Conj           #...         96%         1    ##.....
 Blink                    Tloc           N/A          99%         2    ###....
 Call Imp                 Summ           #.......     99%         2    ###....
 Slow                     Hex            #.......     99%         2    ###....
 Conjure Flame            Conj/Fire      #.......     100%        3    ####...
 Mephitic Cloud           Conj/Pois/Air  #.......     100%        3    ####...


Dungeon Overview and Level Annotations

Branches:
Dungeon (6/15)             Temple (1/1) D:6

Altars:
Ashenzari
Cheibriados
Dithmenos
Elyvilon
Fedhas
Hepliaklqana
Nemelex Xobeh
Okawaru
Qazlal
Ru
Uskayaw
Vehumet
Wu Jian
Yredelemnul


Innate Abilities, Weirdness & Mutations

You have sharp toenails.
You are partially covered in large bone plates. (SH +4)
A weak demonic guardian rushes to your aid.
You are slightly more attuned to the shadows.


Message History

You are too injured to fight recklessly!
You are too injured to fight recklessly!
You closely miss the orc warrior. Your kick misses the orc warrior.
The orc warrior is lightly wounded.
A crimson imp comes into view.
The orc barely misses your iron imp.
Your iron imp hits the orc.
The orc dies!
Cheibriados appreciates the change of pace.
The orc warrior hits you with a +0 dire flail.
Your shield and ring mail prevent you from hitting the orc warrior.
The orc warrior is lightly wounded.
Your iron imp misses the orc warrior.
You block the orc warrior's attack.
The crimson imp blinks!
You block the orc's attack.
You hit the orc warrior.
You claw the orc warrior, but do no damage.
The orc warrior is lightly wounded.
Your iron imp barely misses the orc warrior.
The orc warrior hits you with a +0 dire flail!
The orc hits you from afar with a +0 trident of venom.
You die...

#.)..%#####...
#####....%........
##........#########
............. .
######.###### .
###.# #...#
####.### #@...#
..5.oo5####
.....).. #########


You could see an orc warrior, a crimson imp, an orc and a friendly iron imp.

Vanquished Creatures
  A bullfrog (D:6)
  A wight (D:6)
  A hound (D:6)
  2 worker ants (D:5)
  2 adders (D:4)
  A shadow imp (D:5)
  A worm (D:3)
  2 leopard geckos
  An orc (D:6)
  A giant cockroach (D:1)
  2 hobgoblins
  2 jackals (D:3)
  4 bats (D:1)
  3 frilled lizards (D:1)
  2 goblins (D:1)
  A jackal skeleton (D:6)
  3 kobolds (D:1)
  A rat (D:1)
31 creatures vanquished.

Vanquished Creatures (collateral kills)
  A sky beast (D:6)
  A bullfrog (D:4)
  An adder skeleton (D:5)
  An orc (D:6)
4 creatures vanquished.

Vanquished Creatures (others)
  An orc (D:6)
1 creature vanquished.

Grand Total: 36 creatures vanquished

Notes
Turn   | Place    | Note
-------+----------+-------------------------------------------
     0 | D:1      | Duffy the Demonspawn Fighter began the quest for the Orb.
     0 | D:1      | Reached XP level 1. HP: 18/18 MP: 1/1
    93 | D:1      | Reached skill level 2 in Axes
   326 | D:1      | Gained mutation: A weak demonic guardian rushes to your
                  | aid. [demonic ancestry]
   326 | D:1      | Reached XP level 2. HP: 24/24 MP: 2/2
   444 | D:2      | Found a blossoming altar of Fedhas.
   485 | D:3      | Reached skill level 3 in Axes
   691 | D:4      | Noticed a bullfrog
   694 | D:4      | Killed a bullfrog
   694 | D:4      | Reached skill level 4 in Axes
   694 | D:4      | Reached XP level 3. HP: 26/29 MP: 3/3
   694 | D:4      | Gained mutation: You are partially covered in large bone
                  | plates. (SH +4) [demonic ancestry]
   694 | D:4      | Reached XP level 4. HP: 32/35 MP: 4/4
  1135 | D:5      | Entered Level 5 of the Dungeon
  1448 | D:5      | Gained mutation: You have sharp toenails. [demonic
                  | ancestry]
  1448 | D:5      | Reached XP level 5. HP: 33/41 MP: 5/5
  1639 | D:6      | Reached skill level 5 in Axes
  1704 | D:6      | Found a staircase to the Ecumenical Temple.
  1714 | Temple   | Entered the Ecumenical Temple
  1861 | Temple   | Became a worshipper of Cheibriados the Contemplative
  2081 | D:6      | Noticed a sky beast
  2086 | D:6      | Killed a sky beast
  2086 | D:6      | Gained mutation: You are slightly more attuned to the
                  | shadows. [demonic ancestry]
  2086 | D:6      | Reached XP level 6. HP: 44/47 MP: 6/6
  2092 | D:6      | Reached skill level 6 in Axes
  2257 | D:6      | Noticed an orc warrior
  2266 | D:6      | Slain by an orc

Vault maps used:
D:1:      roderic_octagonal_star, minmay_misc_feat_pillars
D:2:      fedhas_altar_1, first_ration, minmay_tall_x
D:3:      tgw_trog, led_xom_imps, kennysheep_pointless_box
D:4:      serial_shops, shop_statue
D:5:      minmay_skewed_foursquare, minmay_stone_trees_small,
          minmay_misc_feat_more_columns
D:6:      nicolae_gozag_cash_rules_everything_around_me, led_sif_pool,
          temple_pool_b, elyvilon_altar_4, uniq_edmund
Temple:   dshaligram_water_room_temple

Skill      XL: |  1  2  3  4  5  6 |
---------------+-------------------+-----
Axes           | 2 4 5 6 |  6.1
Fighting       | |  3.0
Armour         | |  2.6
Shields        | |  2.6

Action                   |  1- 3 |  4- 6 || total
-------------------------+-------+-------++-------
Melee: War axe           |    72 |    70 ||   142
       Kick              |       |     9 ||     9
  Eat: Chunk             |       |     4 ||     4
Armor: Scale mail        |    61 |    15 ||    76
       Ring mail         |       |    11 ||    11
Dodge: Dodged            |    25 |    18 ||    43
Block: Shield            |    52 |    53 ||   105

Table legend:
 A = Non-vault XP
 B = Vault XP
 C = Vault XP percentage of total XP
 D = Non-vault monster count
 E = Vault monster count
 F = Vault count percentage of total count
                 A         B        C        D         E       F
            +---------+---------+-------+---------+---------+-------
      Total |     482 |       0 |   0.0 |      35 |       0 |   0.0
            +---------+---------+-------+---------+---------+-------
        D:1 |      20 |       0 |   0.0 |      15 |       0 |   0.0
        D:2 |       5 |       0 |   0.0 |       2 |       0 |   0.0
        D:3 |       9 |       0 |   0.0 |       3 |       0 |   0.0
        D:4 |      97 |       0 |   0.0 |       3 |       0 |   0.0
        D:5 |      72 |       0 |   0.0 |       4 |       0 |   0.0
        D:6 |     279 |       0 |   0.0 |       8 |       0 |   0.0
            +---------+---------+-------+---------+---------+-------
